AoeStats
← darador86

Lombardia

509264401Analyzed
4v4 RM · 8d ago on Sep 26, 2026· 110m 36s· 8 players
Game mode
Random Map
Map size
Large (8 player)
Population
200
Speed
Normal
Resources
Standard
Victory
Conquest
Starting age
Dark Age
Ending age
Imperial Age
RankedLock teamsTeams togetherTeam positionsShared explorationLock speedFull tech treeHidden civsTurbo modeCheats
Victory
Defeat
🇯🇵 Danes · Japan
693
+16
🇧🇷 Vietnamese · Brazil
660
+18
🇰🇷 Persians · South Korea
623
+19
591
+21
🇺🇸 Byzantines · United States
708
-19
🇵🇪 Britons · Peru
703
-19
🇦🇷 Huns · Argentina
694
-18
🇺🇸 Persians · United States
677
-18
Bronnu
6:04 Loom
11:47 Feudal Age
13:12 Wheelbarrow
13:01 Double-Bit Axe
13:02 Horse Collar
16:19 Gold Mining
22:05 Castle Age
20:47 Town Watch
23:23 Hand Cart
23:57 Bow Saw
32:03 Elite Skirmisher
32:50 Thumb Ring
39:41 Imperial Age
37:54 Heavy Plow
37:55 Fletching
38:06 Padded Archer Armor
38:15 Scale Barding Armor
39:46 Ballistics
40:19 Bodkin Arrow
40:40 Leather Archer Armor
40:47 Chain Barding Armor
39:52 Imperial Skirmisher
43:50 Crop Rotation
44:26 Two-Man Saw
43:22 Stone Mining
45:18 Chemistry
44:30 Pikeman
45:11 Squires
44:57 Arson
47:22 Bloodlines
47:13 Husbandry
46:38 Elite Battle Elephant
46:44 Halberdier
47:30 Bracer
48:01 Ring Archer Armor
47:46 Forging
47:37 Scale Mail Armor
49:25 Capped Ram
51:01 Paper Money
53:16 Chain Mail Armor
53:37 Iron Casting
53:57 Town Patrol
83:40 Plate Mail Armor
jcg2212
6:05 Loom
11:49 Feudal Age
12:37 Double-Bit Axe
12:44 Gold Mining
12:45 Stone Mining
12:42 Horse Collar
14:26 Man-at-Arms
14:52 Arson
32:30 Castle Age
31:13 Scale Mail Armor
31:23 Forging
31:20 Scale Barding Armor
34:00 Heavy Plow
34:12 Bow Saw
34:41 Gold Shaft Mining
34:41 Stone Shaft Mining
35:35 Caravan
36:06 Coinage
39:55 Imperial Age
40:26 Chain Barding Armor
44:13 Wheelbarrow
45:04 Guilds
45:30 Banking
46:28 Hand Cart
47:40 Plate Barding Armor
47:21 Chain Mail Armor
47:41 Iron Casting
46:52 Elite War Elephant
47:32 Kamandaran
51:17 Padded Archer Armor
51:08 Fletching
52:19 Blast Furnace
51:49 Plate Mail Armor
51:29 Town Watch
52:16 Crop Rotation
52:50 Two-Man Saw
51:30 Heavy Camel Rider
51:31 Cavalier
52:12 Husbandry
52:22 Bloodlines
51:33 Light Cavalry
52:38 Ballistics
53:18 Chemistry
52:50 Citadels
53:30 Town Patrol
55:06 Conscription
54:17 Sappers
54:50 Savar
56:00 Pikeman
56:41 Squires
56:26 Gambesons
56:02 Long Swordsman
57:01 Bodkin Arrow
57:21 Leather Archer Armor
57:59 Halberdier
63:15 Ring Archer Armor
63:46 Heavy Cavalry Archer
64:52 Parthian Tactics
63:47 Elite Skirmisher
63:48 Crossbowman
64:33 Thumb Ring
64:08 Heavy Scorpion
64:09 Onager
64:09 Capped Ram
65:30 Imperial Skirmisher
67:53 Siege Ram
71:49 Hoardings
72:58 Heated Shot
72:58 Guard Tower
73:04 Murder Holes
73:19 Clinker Construction
73:19 Careening
73:20 Masonry
73:16 Siphons
75:30 Hussar
80:49 Architecture
80:40 Carvel Hull
80:40 Dry Dock
80:31 Incendiaries
愛 (Touhou Project's Version)
0:33 Loom
14:08 Feudal Age
16:50 Wheelbarrow
16:39 Gold Mining
17:06 Double-Bit Axe
19:00 Horse Collar
23:57 Castle Age
24:08 Castle Age
25:46 Hand Cart
26:04 Bow Saw
26:08 Heavy Plow
26:45 Gold Shaft Mining
26:03 Stone Mining
26:41 Forging
26:36 Scale Barding Armor
30:18 Town Watch
31:09 Fortified Wall
30:57 Murder Holes
32:05 Caravan
33:22 Fervor
36:26 Imperial Age
36:33 Imperial Age
35:05 Squires
36:18 Bloodlines
36:09 Husbandry
37:10 Town Patrol
38:00 Iron Casting
37:46 Chain Barding Armor
38:31 Chain Barding Armor
40:31 Blast Furnace
39:22 Fletching
39:33 Padded Archer Armor
39:14 Heavy Scorpion
40:15 Heavy Camel Rider
41:57 Ballistics
44:04 Two-Man Saw
49:22 Plate Barding Armor
49:03 Leather Archer Armor
48:43 Bodkin Arrow
52:04 Bracer
52:34 Ring Archer Armor
67:45 Scale Mail Armor
70:09 Chain Mail Armor
69:41 Arson
71:37 Cavalier
85:15 Elite Janissary
85:28 Elite Janissary
107:27 Theocracy
teban0721
0:43 Loom
11:19 Feudal Age
11:51 Town Watch
17:10 Castle Age
15:19 Horse Collar
16:58 Bloodlines
18:04 Double-Bit Axe
18:23 Heavy Plow
18:59 Heavy Plow
20:49 Wheelbarrow
23:07 Stone Mining
25:30 Hand Cart
27:00 Gold Mining
28:43 Gold Shaft Mining
28:46 Stone Shaft Mining
29:33 Town Patrol
30:08 Bow Saw
33:50 Imperial Age
31:33 Forging
31:42 Pikeman
34:08 Iron Casting
33:44 Scale Barding Armor
34:03 Ballistics
34:00 Squires
33:46 Gambesons
34:55 Conscription
33:57 Halberdier
34:39 Husbandry
35:11 Scale Mail Armor
36:13 Blast Furnace
34:35 Hamask
36:06 Elite Varangian Guard
37:10 Chain Barding Armor
37:07 Chain Mail Armor
37:08 Arson
38:00 Bow Saw
38:05 Light Cavalry
38:57 Elite Jomsviking
38:58 Northmen's Fury
40:38 Padded Archer Armor
41:15 Plate Barding Armor
40:53 Elite Skirmisher
42:27 Thumb Ring
42:21 Fletching
42:48 Leather Archer Armor
43:36 Chemistry
42:24 Imperial Skirmisher
44:19 Ring Archer Armor
43:45 Bodkin Arrow
43:59 Siege Engineers
44:39 Plate Mail Armor
44:09 Man-at-Arms
45:38 Bracer
45:10 Heavy Scorpion
45:59 Long Swordsman
49:03 Two-Handed Swordsman
51:10 Capped Ram
53:31 Champion
54:01 Siege Ram
77:53 Block Printing
78:15 Theocracy
78:05 Sanctity
78:12 Illumination
AZULA
0:27 Loom
12:50 Feudal Age
21:58 Castle Age
30:01 Imperial Age
28:14 Wheelbarrow
29:39 Forging
29:34 Scale Barding Armor
31:50 Husbandry
31:56 Double-Bit Axe
31:56 Horse Collar
33:40 Conscription
33:17 Treadmill Crane
34:22 Pikeman
35:02 Squires
35:45 Heavy Plow
35:58 Bow Saw
38:00 Elite Cataphract
39:42 Logistica
40:10 Iron Casting
40:20 Chain Barding Armor
40:47 Caravan
41:27 Gold Mining
42:10 Crop Rotation
43:15 Plate Barding Armor
42:41 Scale Mail Armor
43:22 Fortified Wall
45:21 Chemistry
44:42 Ballistics
43:49 Halberdier
46:29 Two-Man Saw
45:19 Heavy Camel Rider
47:10 Chain Mail Armor
46:46 Fletching
46:56 Padded Archer Armor
46:34 Crossbowman
48:10 Hand Cart
47:33 Elite Skirmisher
48:25 Arbalester
50:46 Thumb Ring
57:23 Coinage
59:08 Banking
58:48 Guilds
58:48 Arson
62:22 Plate Mail Armor
70:25 Bodkin Arrow
70:46 Leather Archer Armor
91:53 Bracer
92:24 Ring Archer Armor
97:53 Man-at-Arms
98:18 Gambesons
100:19 Long Swordsman
106:42 Two-Handed Swordsman
108:10 Champion
l.zevallos
3:00 Loom
13:27 Feudal Age
14:04 Double-Bit Axe
14:01 Horse Collar
18:20 Gold Mining
21:42 Castle Age
22:50 Bow Saw
22:42 Heavy Plow
23:26 Fletching
23:37 Padded Archer Armor
25:44 Wheelbarrow
24:48 Crossbowman
25:27 Bodkin Arrow
25:48 Leather Archer Armor
27:52 Hand Cart
28:17 Ballistics
28:09 Fortified Wall
27:56 Murder Holes
29:04 Town Watch
30:17 Caravan
35:34 Imperial Age
36:29 Arbalester
37:13 Bracer
37:44 Ring Archer Armor
42:28 Yeomen
42:32 Conscription
42:15 Warwolf
42:51 Hoardings
41:38 Elite Longbowman
43:58 Chemistry
43:10 Masonry
42:41 Treadmill Crane
54:20 Husbandry
Matthias9
0:41 Loom
12:30 Feudal Age
13:47 Wheelbarrow
12:58 Town Watch
16:42 Double-Bit Axe
16:40 Horse Collar
16:52 Gold Mining
17:01 Stone Mining
23:30 Castle Age
24:28 Hand Cart
24:14 Town Patrol
25:14 Heavy Plow
32:43 Stone Shaft Mining
32:46 Gold Shaft Mining
32:26 Bow Saw
35:59 Imperial Age
33:59 Kamandaran
36:06 Elite War Elephant
36:57 Citadels
37:08 Conscription
37:14 Masonry
37:00 Murder Holes
37:27 Ballistics
38:08 Chemistry
39:04 Architecture
39:37 Two-Man Saw
38:50 Forging
38:41 Scale Mail Armor
38:47 Scale Barding Armor
38:42 Padded Archer Armor
38:33 Fletching
38:46 Caravan
39:17 Coinage
38:57 Guilds
40:05 Hoardings
40:44 Iron Casting
40:45 Chain Mail Armor
41:14 Crop Rotation
42:49 Chain Barding Armor
42:48 Devotion
42:46 Bodkin Arrow
43:07 Leather Archer Armor
43:36 Banking
45:00 Faith
46:34 Blast Furnace
46:05 Plate Mail Armor
47:06 Crossbowman
47:53 Thumb Ring
47:12 Heavy Cavalry Archer
48:18 Parthian Tactics
48:54 Plate Barding Armor
48:50 Ring Archer Armor
47:46 Elite Skirmisher
55:02 Heavy Camel Rider
55:43 Husbandry
55:53 Bloodlines
96:39 Pikeman
97:20 Squires
97:05 Arson
98:49 Halberdier
darador86
13:44 Feudal Age
14:19 Double-Bit Axe
20:54 Castle Age
20:07 Horse Collar
20:19 Gold Mining
20:20 Stone Mining
22:32 Heavy Plow
22:47 Bow Saw
27:48 Wheelbarrow
27:53 Town Watch
30:29 Hand Cart
30:53 Caravan
32:09 Gold Shaft Mining
37:20 Imperial Age
38:01 Ballistics
37:52 Masonry
38:53 Town Patrol
39:56 Chemistry
38:51 Murder Holes
39:13 Padded Archer Armor
39:04 Fletching
39:24 Forging
39:14 Scale Mail Armor
39:21 Scale Barding Armor
38:40 Pikeman
39:20 Squires
39:24 Husbandry
39:35 Bloodlines
39:35 Marauders
38:57 Elite Tarkan
39:58 Conscription
42:21 Atheism
41:45 Cavalier
41:51 Halberdier
52:46 Parthian Tactics
51:41 Elite Skirmisher
Connection lost

Rejoining the realm…

Still unreachable

The connection could not be restored.

Session expired

The server has moved on; the page needs a fresh start.